 Dungeon Crawl Stone Soup version 0.31-a0-473-g61b50ae490 (webtiles) character file.

Game seed: 2314302649958042399

84 horus123 the Magician (level 4, 0/27 HPs)
             Began as an Octopode Earth Elementalist on Aug 6, 2023.
             Slain by an orc
             ... wielding a +0 club
              (2 damage)
             ... on level 4 of the Dungeon.
             The game lasted 00:03:22 (2074 turns).

horus123 the Magician (Octopode Earth Elementalist) Turns: 2074, Time: 00:03:22

Health: 0/27       AC:  1    Str:  7    XL:     4   Next: 45%
Magic:  6/10       EV: 13    Int: 19    God:
Gold:   16         SH:  0    Dex: 12    Spells: 7/11 levels left

rFire   . . .        n - +8 scimitar (holy)
rCold   . . .        (no shield)
rNeg    . . .        (helmet restricted)
rPois   .            (no amulet)
rElec   .            (no ring)
rCorr   .            (no ring)
SInv    .            (no ring)
Will    .....        (no ring)
Stlth   ++           (no ring)
HPRegen 0.24/turn    (no ring)
MPRegen 0.12/turn    (no ring)
                     (no ring)

%: no passive effects
@: confused
A: almost no armour, amphibious, 8 rings, camouflage 1, gelatinous body 1,
(nimble swimmer 1), tentacles
a: no special abilities


You were on level 4 of the Dungeon.
You visited 1 branch of the dungeon, and saw 4 of its levels.

You collected 142 gold pieces.
You spent 126 gold pieces at shops.

Inventory:

Hand Weapons
 n - a +8 scimitar of holy wrath (weapon)
Armour
 m - an orb of mayhem
Jewellery
 o - an amulet of guardian spirit
Scrolls
 b - 2 scrolls of identify {unknown}
 c - a scroll of revelation {unknown}
 f - 3 scrolls of noise {unknown}
 g - a scroll of enchant weapon {unknown}
 j - a scroll of vulnerability {unknown}
 k - 2 scrolls of fog {unknown}
Potions
 a - a potion of magic
 d - a potion of curing {unknown}
 e - 2 potions of lignification {unknown}
 h - 2 potions of berserk rage {unknown}
 i - a potion of attraction {unknown}
 l - a potion of ambrosia {unknown}


   Skills:
 + Level 0.5 Fighting
 - Level 2.0 Dodging
 - Level 2.6 Stealth
 - Level 4.0 Spellcasting
 - Level 1.0 Transmutations
 - Level 3.2 Earth Magic


You had 7 spell levels left.
You knew the following spells:

 Your Spells              Type           Power      Damage    Failure   Level
a - Sandblast             Erth           32%        2d9       3%          1
b - Stone Arrow           Conj/Erth      18%        3d8       22%         3

Your spell library contained the following spells:

 Spells                   Type           Power      Damage    Failure   Level
 Passwall                 Tmut/Erth      9%         N/A       9%          2
 Petrify                  Tmut/Erth      11%        N/A       50%         4


Dungeon Overview and Level Annotations

Branches:
Dungeon (3/15)

Altars:

Shops:
D:3 (


Innate Abilities, Weirdness & Mutations

You cannot wear most types of armour.
You are amphibious.
You can wear up to eight rings at the same time.
Your skin changes colour to match your surroundings (Stealth+).
Your rubbery body absorbs attacks. (AC +1, EV +1)
((You are camouflaged when in or above water. (Stealth+)))
You have tentacles for arms and can constrict up to eight enemies at once.


Message History

The blast of sand hits the orc!
You kill the orc!
You hear some strange, mumbled words.
You are confused.
You're too confused to cast spells.
You're too confused to cast spells.
You're too confused to cast spells.
You closely miss something. Your squeeze misses something. The orc misses you.
Something barely misses you.
You're too confused to move!
The orc hits you with a +0 club. Something barely misses you.
Something hits you.
You completely miss something. The orc hits you with a +0 club.
Something hits you.
You miss the orc.
You feel less confused. The orc misses you.
Something hits you but does no damage. Something hits you. The orc misses you.
You hit the orc. Your grab misses the orc.
The orc is heavily wounded.
The orc hits you with a +0 club.
You hear some strange, mumbled words.
You are confused.
You're too confused to move!
Something hits you. The orc hits you with a +0 club.
You're too confused to move!
The orc barely misses you. Something hits you.
* * * LOW HITPOINT WARNING * * *
You closely miss the orc.
The orc is heavily wounded.
The orc hits you with a +0 club.
* * * LOW HITPOINT WARNING * * *
Something hits you but does no damage. The orc hits you with a +0 club.
* * * LOW HITPOINT WARNING * * *
Something hits you but does no damage.
You closely miss the orc.
The orc is heavily wounded.
Something hits you.
* * * LOW HITPOINT WARNING * * *
The orc hits you with a +0 club.
You die...

.#.# ...# ..##
#?.## #...#
##...## ##.....##
...###.@.....###..
....).{o..........
#......)..........
..................
.....######.......
...## ##...## ...
...# .. ..# .##


You could see an orc.

Vanquished Creatures
  A gnoll (D:1)
  2 worms (D:2)
  A dart slug (D:1)
  3 orcs (D:4)
  10 ball pythons
  9 bats
  6 endoplasms
  A giant cockroach (D:1)
  2 goblins (D:1)
  6 hobgoblins
  4 jackals (D:1)
  3 quokkas (D:1)
  A frilled lizard (D:3)
  2 kobolds
  3 rats
54 creatures vanquished.

Notes
Turn   | Place    | Note
-------+----------+-------------------------------------------
     0 | D:1      | horus123 the Octopode Earth Elementalist began the quest
                  | for the Orb.
     0 | D:1      | Reached XP level 1. HP: 11/11 MP: 3/3
   136 | D:1      | Reached XP level 2. HP: 17/17 MP: 2/5
   306 | D:1      | Reached skill level 3 in Spellcasting
   321 | D:1      | Reached XP level 3. HP: 6/21 MP: 0/7
   325 | D:1      | Learned a level 3 spell: Stone Arrow
   535 | D:1      | Found a faded altar of an unknown god.
  1041 | D:2      | Reached XP level 4. HP: 27/27 MP: 7/9
  1079 | D:2      | Reached skill level 4 in Spellcasting
  1993 | D:3      | Found Sattoat's Antique Weapon Emporium.
  2017 | D:3      | Bought a runed scimitar for 126 gold pieces
  2055 | D:3      | You fall into a shaft and drop 1 floor!
  2074 | D:4      | Slain by an orc

Illustrated notes

Levels and vault maps discovered:
D:1:      dpeg_arrival_refuge, layout_loops_cross,
          shapermc_ecumenical_altar_hornbeckon
D:2:      layout_basic, minmay_misc_feat_square, chequers_big_river
D:3:      layout_basic, led_sif_book, elyvilon_altar_3,
          grunt_temple_overflow_open, serial_shops, shop
D:4:      layout_layer_cave, kennysheep_generic_room_2

Skill      XL: |  1  2  3  4 |
---------------+-------------+-----
Spellcasting   | 3 4 |  4.0
Fighting       | |  0.5
Dodging        | |  2.0
Stealth        | |  2.6
Transmutations | |  1.0
Earth Magic    | |  3.2

Action                     |  1- 3 |  4- 6 || total
---------------------------+-------+-------++-------
  Melee: Unarmed           |    17 |       ||    17
         Tentacles         |     6 |       ||     6
         Constrict         |     4 |       ||     4
         Scimitar          |       |     8 ||     8
   Cast: Sandblast         |    38 |    25 ||    63
   Stab: Sleeping          |     1 |       ||     1
 Armour: Skin              |     2 |     3 ||     5
  Dodge: Dodged            |    20 |     9 ||    29

Table legend: (Time is in decaauts)
 A = Elapsed time spent in this place.
 B = Non-inter-level travel time spent in this place.
 C = Inter-level travel time spent in this place.
 D = Time resting spent in this place.
 E = Time spent auto-exploring this place.
 F = Levels seen in this place.
 G = Mean time per level.
                   A        B        C        D        E       F      G
               +--------+--------+--------+--------+--------+-----+--------+
         Total |   2106 |   2041 |     65 |      0 |   1738 |   4 |  526.5 |
       Dungeon |   2106 |   2041 |     65 |      0 |   1738 |   4 |  526.5 |
               +--------+--------+--------+--------+--------+-----+--------+

Top non-repeatable levels by time:
     D:1: 1042 daAuts
     D:2: 970 daAuts
     D:3: 70 daAuts
     D:4: 23 daAuts
